 Dungeon Crawl Stone Soup version 0.31.0-12-g77e489cdc1 (webtiles) character file.

Game seed: 11145748243333693310

46 mainiacjoe the Conjurer (level 3, -1/20 HPs)
             Began as a Deep Elf Reaver on Mar 8, 2024.
             Slain by a jackal (3 damage)
             ... on level 2 of the Dungeon.
             The game lasted 00:04:39 (1375 turns).

mainiacjoe the Conjurer (Deep Elf Reaver)           Turns: 1375, Time: 00:04:39

Health: -1/20      AC:  3    Str: 11    XL:     3   Next: 46%
Magic:  9/9        EV: 12    Int: 19    God:
Gold:   67         SH:  0    Dex: 15    Spells: 2/8 levels left

rFire   . . .        a - +0 falchion
rCold   + . .        (no shield)
rNeg    . . .        j - +0 leather armour
rPois   .            (no helmet)
rElec   .            (no cloak)
rCorr   .            (no gloves)
SInv    .            (no boots)
Will    .....        (no amulet)
Stlth   +            c - ring of Uskayaw's Vengeance {rC+ Str+2 Dex+2 Slay+2}
HPRegen 0.23/turn    (no ring)
MPRegen 0.11/turn

%: no passive effects
@: no status effects
A: no striking features
a: no special abilities


You were on level 2 of the Dungeon.
You visited 1 branch of the dungeon, and saw 2 of its levels.

You collected 67 gold pieces.

Inventory:

Hand Weapons
 a - a +0 falchion (weapon)
 b - a +0 sling
Missiles
 h - 5 stones
Armour
 j - a +0 leather armour (worn)
Jewellery
 c - the ring of Uskayaw's Vengeance (left hand) {rC+ Str+2 Dex+2 Slay+2}
   (You acquired it on level 2 of the Dungeon)

   [ring of protection from cold]

   Str+2:     It affects your strength (+2).
   Dex+2:     It affects your dexterity (+2).
   Slay+2:    It affects your accuracy & damage with ranged weapons and melee
   (+2).
   rC+:       It protects you from cold.
Potions
 d - a potion of might


   Skills:
 - Level 1.5 Fighting
 + Level 3.5 Long Blades
 - Level 2.4 Dodging
 - Level 3.0 Spellcasting
 + Level 4.2 Conjurations


You had 2 spell levels left.
You knew the following spells:

 Your Spells              Type           Power      Damage    Failure   Level
a - Momentum Strike       Conj/Tloc      20%        3d8       13%         2
b - Hailstorm             Conj/Ice       10%        3d6       26%         3
k - Kiss of Death         Conj/Necr      40%        2d8       9%          1

Your spell library contained the following spells:

 Spells                   Type           Power      Damage    Failure   Level
 Apportation              Tloc           4%         N/A       21%         1
 Jinxbite                 Hex            4%         N/A       30%         2
 Alistair's Intoxication  Alch           1%         N/A       99%         5


Dungeon Overview and Level Annotations

Branches:
Dungeon (2/15)

Altars:


Message History

The jackal attacks as it pursues you! The jackal completely misses you.
The jackal barely misses you. The jackal attacks as it pursues you!
The jackal bites you but does no damage.
You see here a +0 club.
The jackal attacks as it pursues you!
The jackal bites you but does no damage.
The jackal closely misses you. The jackal attacks as it pursues you!
The jackal bites you. The jackal attacks as it pursues you!
The jackal bites you but does no damage.
You see here a frilled lizard skeleton.
The jackal attacks as it pursues you! The jackal closely misses you.
The jackal bites you. The jackal attacks as it pursues you!
The jackal misses you. The jackal bites you.
The jackal attacks as it pursues you! The jackal misses you.
The jackal bites you. The jackal attacks as it pursues you!
The jackal barely misses you.
You closely miss the jackal. The jackal bites you. The jackal misses you.
You hit the jackal.
The jackal is heavily wounded.
The jackal bites you but does no damage.
Casting: Momentum Strike (safe; 13% risk of failure)
Confirm with . or Enter, or press ? or * to list all spells.
Casting: Hailstorm (extremely dangerous; 26% risk of failure)
Press: ? - help, Dir - look around, f - activate You miscast Hailstorm.
You are very lightly contaminated with residual magic.
Energy rips through your body!
* * * LOW HITPOINT WARNING * * *
The jackal bites you.
* * * LOW HITPOINT WARNING * * *
The jackal bites you but does no damage.
It was a potion of cancellation.
You feel magically purged.
Your magical contamination has completely faded away.
The jackal bites you but does no damage.
It was a potion of magic.
Magic courses through your body. The jackal bites you.
You die...

#.####.####...####.##
#.#.....##......##...
#......g##.g.).g##.g.
#...÷..#.÷#....#.g#..
#.#....#..#....#..#.. #
#..######..######..
###B.# ###..# ### ###hg#
###..# ### ###########
#.@######..######..
#.........#
#.....##......##...
#.#######.#
#.....##......##... #.#
#.# #....#..#....#..#..
#.# #.#
#....#..#....#..#.. #.#
#.# #..######..######..
#.# #.# ###.. ###..# ###
##.# #.######. ###..#
### ...#
#.#.....######..######..


You could see a gnoll, a jackal and a giant cockroach.

Vanquished Creatures
  A dart slug (D:1)
  6 bats
  7 endoplasms
  6 goblins
  4 hobgoblins
  A jackal (D:2)
  7 ball pythons
  2 frilled lizards
  2 kobolds (D:1)
  2 rats
38 creatures vanquished.

Notes
Turn   | Place    | Note
-------+----------+-------------------------------------------
     0 | D:1      | mainiacjoe the Deep Elf Reaver began the quest for the Orb.
     0 | D:1      | Reached XP level 1. HP: 12/12 MP: 6/6
   153 | D:1      | Reached XP level 2. HP: 8/16 MP: 8/8
   174 | D:1      | Learned a level 2 spell: Momentum Strike
   641 | D:1      | Reached skill level 4 in Conjurations
   831 | D:1      | Reached XP level 3. HP: 20/20 MP: 6/9
   949 | D:2      | Learned a level 3 spell: Hailstorm
  1263 | D:2      | Identified a scroll of acquirement
  1263 | D:2      | Acquired the ring of Uskayaw's Vengeance {rC+ Str+2 Dex+2
                  | Slay+2}
  1373 | D:2      | HP: 1/20 [jackal (1)]
  1375 | D:2      | Slain by a jackal

Illustrated notes

Levels and vault maps discovered:
D:1:      nzn_arrival_crosshair, layout_loops_ring
D:2:      layout_loops_ring, serial_rivers, chequers_serial_rivers_marsh,
          chequers_serial_rivers_marsh, chequers_serial_rivers_micro_c,
          chequers_serial_rivers_micro_d, chequers_serial_rivers_room_b,
          chequers_serial_rivers_micro_e, hangedman_decor_clover_reticule,
          nicolae_houndstooth_variations

Skill      XL: |  1  2 |
---------------+-------+-----
Long Blades    | 3 |  3.5
Conjurations   | 4 |  4.2
Fighting       | |  1.5
Dodging        | |  2.4
Spellcasting   | |  3.0

Action                     || total
---------------------------++-------
  Melee: Falchion          ||    90
         Punch             ||     1
   Fire: Sling             ||    20
   Cast: Momentum Strike   ||     6
    Use: Scroll            ||     5
         Potion            ||     2
   Stab: Sleeping          ||     2
 Armour: Leather armour    ||    91
  Dodge: Dodged            ||    93
